 Dungeon Crawl Stone Soup version 0.30.0-20-g3615ddf2f0 (webtiles) character file.

Game seed: 6619019615984480510

189 qw the Chopper (level 5, -2/32 HPs)
             Began as a Gargoyle Fighter on May 28, 2023.
             Killed by nerve-wracking pain
             ... invoked by Grinder
              (6 damage)
             ... on level 3 of the Dungeon.
             The game lasted 00:01:23 (2576 turns).

qw the Chopper (Gargoyle Fighter)                   Turns: 2576, Time: 00:01:23

Health: -2/32      AC: 13    Str: 28    XL:     5   Next: 68%
Magic:  5/5        EV:  9    Int: 15    God:
Gold:   243        SH:  4    Dex: 12    Spells: 4/4 levels left

rFire   + . .        Y - +0 war axe
rCold   x . .        c - +0 buckler
rNeg    + . .        l - +0 chain mail
rPois   inf          (no helmet)
rElec   +            (no cloak)
rCorr   .            (no gloves)
SInv    .            (no boots)
Will    .....        (no amulet) Stlth
                     b - ring "Jelitete" {rF+ rC- Str+7 Int+6 Dex+3}
HPRegen 0.25/turn    (no ring)
MPRegen 0.09/turn

%: no passive effects
@: no status effects
A: sickness immunity, AC +4, negative energy resistance 1, electricity
resistance, torment resistance 1, petrification resistance
a: no special abilities


You were on level 3 of the Dungeon.
You visited 1 branch of the dungeon, and saw 3 of its levels.

You collected 243 gold pieces.


Innate Abilities, Weirdness & Mutations

You are immune to sickness and miasma.
Your stone body is resilient. (AC +4)
You are immune to poison.
You resist negative energy. (rN+)
You are resistant to electric shocks. (rElec)
You are resistant to unholy torment.
You are immune to petrification.


   Skills:
 - Level 3.2 Fighting
 - Level 5.0 Axes
 + Level 0.2 Throwing
 - Level 3.2 Armour
 - Level 1.0 Dodging
 - Level 3.2 Shields


You had 4 spell levels left.
You didn't know any spells.
Your spell library was empty.

Inventory:

Hand Weapons
 e - a +0 morningstar
 Y - a +0 war axe (weapon)
Missiles
 k - 3 silver boomerangs (quivered)
Armour
 c - a +0 buckler (worn)
 g - a +0 helmet
 l - a +0 chain mail (worn)
Jewellery
 b - the ring "Jelitete" (left hand) {rF+ rC- Str+7 Int+6 Dex+3}
   (You acquired it on level 1 of the Dungeon)

   [ring of intelligence]

   Str:       It affects your strength (+7).
   Int:       It affects your intelligence (+6).
   Dex:       It affects your dexterity (+3).
   rF:        It protects you from fire.
   rC:        It makes you vulnerable to cold.
Scrolls
 a - 9 scrolls of identify
 f - a scroll of teleportation
 h - a scroll of enchant armour {unknown}
 m - a scroll of fog {unknown}
 n - a scroll of immolation {unknown}
Potions
 d - a potion of might
 i - a potion of cancellation
 j - 2 potions of haste
 o - a potion of curing {unknown}
 p - 2 potions of heal wounds {unknown}
 q - a potion of brilliance {unknown}

Dungeon Overview and Level Annotations

Branches:
Dungeon (3/15)

Altars:

Annotations:
D:3 1 runed translucent door, Grinder; qw's ghost, weakling GrFi


Message History

Enter note:
Enter note:
Enter note:
Enter note:
Enter note:
Enter note:
Enter note:
Enter note:
Enter note:
Enter note:
Enter note:
Enter note:
Enter note:
Enter note: Grinder drinks a potion.
Grinder flickers and vanishes!
Deactivating autopickup; reactivate with Ctrl-A.
You swing at nothing.
Something tries to affect you, but you resist.
You swing at nothing.
You suddenly lose the ability to move!
Pain shoots through your body!
Something tries to affect you, but you resist.
You can move again.
You swing at nothing.
You hear a zap.
A bolt of dispelling energy appears from out of thin air!
The bolt of dispelling energy misses you.
You swing at nothing.
You hear a zap.
A bolt of dispelling energy appears from out of thin air!
The bolt of dispelling energy hits you!
Ouch! That really hurt!
Pain shoots through your body!
You swing at nothing.
You barely miss something. Something hits you.
You hit something but do no damage.
Something tries to affect you, but you resist.
Pain shoots through your body!
You die...

#....# #....#
#....# +....+
#....# #....#
#....# #....#######
#....@.....# +#
####.......# ##.###
# #.......###.... .
+.......#...# #.##
#.......#...##.#.##
#....>..'...##.....
#.......###.##.#.#.
#.......# #....#...
#.......# #.##.#.#.


There were no monsters in sight!

Vanquished Creatures
  A hound (D:3)
  An orc wizard (D:2)
  2 adders
  A gnoll (D:1)
  2 worms
  2 dart slugs
  11 orcs (D:3)
  8 ball pythons
  2 endoplasms (D:2)
  3 giant cockroaches
  6 goblins
  10 hobgoblins
  15 jackals
  3 bats
  4 frilled lizards
  7 kobolds
  4 rats
82 creatures vanquished.

Notes
Turn   | Place    | Note
-------+----------+-------------------------------------------
     0 | D:1      | qw the Gargoyle Fighter began the quest for the Orb.
     0 | D:1      | Reached XP level 1. HP: 14/14 MP: 1/1
     0 | D:1      | 0 ||| qw: Version: 0.2-a-101-gf8a7cd0
     0 | D:1      | 0 ||| qw: Game counter: 267
     0 | D:1      | 0 ||| qw: Always use a shield: true
     0 | D:1      | 0 ||| qw: God list: Okawaru
     0 | D:1      | 0 ||| qw: Allow faded altars: false
     0 | D:1      | 0 ||| qw: Do Orc after D:15 true
     0 | D:1      | 0 ||| qw: Do second Lair branch before Depths: true
     0 | D:1      | 0 ||| qw: Lair rune preference: random
     0 | D:1      | 0 ||| qw: Plans: Normal, Zot:1-4, Slime:5, God:TSO, Crypt,
                  | Tomb, Pan, Hells, Abyss, Win
     0 | D:1      | 0 ||| PLANNING D:1-11
    52 | D:1      | Reached skill level 2 in Axes
    64 | D:1      | 64 ||| Stepping ~*~*~tactically~*~*~ (hiding).
   100 | D:1      | Reached XP level 2. HP: 17/19 MP: 2/2
   119 | D:1      | 119 ||| Stepping ~*~*~tactically~*~*~ (stealth).
   177 | D:1      | Reached skill level 3 in Axes
   244 | D:1      | Reached XP level 3. HP: 23/23 MP: 3/3
   604 | D:1      | 604 ||| UPGRADING to +0 chain mail.
   614 | D:1      | 614 ||| DROPPING +0 scale mail.
   615 | D:1      | 615 ||| READING 4 scrolls labelled KIDUS ROUSTRAINAM.
   616 | D:1      | 616 ||| READING scroll labelled YPNIEMUCLY.
   616 | D:1      | Identified a scroll of acquirement
   616 | D:1      | 616 ||| ACQUIRING ring "Jelitete" {rF+ rC- Str+7 Int+6
                  | Dex+3}
   616 | D:1      | Acquired the ring "Jelitete" {rF+ rC- Str+7 Int+6 Dex+3}
   618 | D:1      | 618 ||| UPGRADING to ring "Jelitete" {rF+ rC- Str+7 Int+6
                  | Dex+3}.
   619 | D:1      | 619 ||| READING 2 scrolls labelled ESAEKAU ASTO.
   620 | D:1      | 620 ||| READING scroll labelled NOESUG YSKAPYBB.
   621 | D:1      | 621 ||| READING scroll labelled OBLOQAUMUU.
   626 | D:1      | 626 ||| READING scroll labelled TOOSTR REIPHIMP.
   627 | D:1      | 627 ||| READING 3 scrolls of identify.
   627 | D:1      | 627 ||| IDENTIFYING fizzy red potion
   628 | D:1      | 628 ||| DROPPING potion of flight.
   629 | D:1      | 629 ||| DROPPING scroll of poison.
   676 | D:2      | 676 ||| Stepping ~*~*~tactically~*~*~ (hiding).
   796 | D:2      | Reached XP level 4. HP: 28/28 MP: 4/4
   841 | D:2      | 841 ||| Stepping ~*~*~tactically~*~*~ (hiding).
  1004 | D:2      | 1004 ||| Stepping ~*~*~tactically~*~*~ (stealth).
  1046 | D:2      | Reached skill level 4 in Axes
  1524 | D:2      | 1524 ||| READING scroll labelled UNLUFU LIASONK.
  1525 | D:2      | 1525 ||| READING 2 scrolls labelled USISTOGHEIGG.
  1526 | D:2      | 1526 ||| READING scroll labelled VAEPOA KUTWE.
  1527 | D:2      | 1527 ||| DRINKING 2 brown potions.
  1528 | D:2      | 1528 ||| DRINKING 2 bubbling puce potions.
  1529 | D:2      | 1529 ||| DRINKING 2 red potions.
  1530 | D:2      | 1530 ||| DROPPING scroll of amnesia.
  1531 | D:2      | 1531 ||| DROPPING potion of magic.
  1580 | D:3      | Reached skill level 1 in Dodging
  1580 | D:3      | 1580 ||| STAIRDANCE
  1588 | D:2      | Reached XP level 5. HP: 23/32 MP: 5/5
  1681 | D:3      | 1681 ||| DROPPING +0 flail.
  1684 | D:3      | Found a runed translucent door.
  1684 | D:3      | Noticed qw's ghost (weakling GrFi)
  1686 | D:3      | 1686 ||| Stepping ~*~*~tactically~*~*~ (hiding).
  2028 | D:3      | Found a faded altar of an unknown god.
  2048 | D:3      | Identified the +1 short sword "Cablipt" {chaos, Str+3}
  2111 | D:3      | 2111 ||| Stepping ~*~*~tactically~*~*~ (stealth).
  2112 | D:3      | 2112 ||| Stepping ~*~*~tactically~*~*~ (stealth).
  2207 | D:3      | HP: 6/32 [orc priest/divine providence (14)]
  2208 | D:3      | Reached skill level 5 in Axes
  2208 | D:3      | 2208 ||| READING scroll of teleportation.
  2210 | D:3      | HP: 2/32 [orc priest/+0 mace (2)]
  2524 | D:3      | 2524 ||| Stepping ~*~*~tactically~*~*~ (stealth).
  2529 | D:3      | 2529 ||| Stepping ~*~*~tactically~*~*~ (stealth).
  2555 | D:3      | Noticed Grinder
  2556 | D:3      | 2556 ||| Stepping ~*~*~tactically~*~*~ (hiding).
  2558 | D:3      | 2558 ||| Stepping ~*~*~tactically~*~*~ (hiding).
  2559 | D:3      | 2559 ||| Stepping ~*~*~tactically~*~*~ (hiding).
  2567 | D:3      | Paralysed by something for 5 turns
  2573 | D:3      | HP: 4/32 [something/nerve-wracking pain (7)]
  2576 | D:3      | Killed from afar by Grinder

Levels and vault maps discovered:
D:1:      dpeg_arrival_stone_temple_mockup, layout_rooms
D:2:      layout_basic, st_stairs_8
D:3:      layout_basic, hellmonk_ecumenical_altar_lost_god,
          hellmonk_ghost_happy_afterlife, minmay_misc_feat_tiny,
          minmay_diced_spiral, uniq_grinder

Skill      XL: |  1  2  3  4  5 |
---------------+----------------+-----
Axes           | 2 3 4 5 |  5.0
Dodging        | 1 |  1.0
Fighting       | |  3.2
Throwing       | |  0.2
Armour         | |  3.2
Shields        | |  3.2

Action                     |  1- 3 |  4- 6 || total
---------------------------+-------+-------++-------
  Melee: War axe           |   110 |    88 ||   198
  Throw: Boomerang         |       |    23 ||    23
    Use: Scroll            |     7 |     4 ||    11
         Potion            |       |     3 ||     3
 Armour: Scale mail        |    45 |       ||    45
         Chain mail        |     6 |    38 ||    44
  Dodge: Dodged            |    40 |    37 ||    77
  Block: Buckler           |    19 |    10 ||    29

Table legend:
 A = Non-vault XP
 B = Vault XP
 C = Vault XP percentage of total XP
 D = Non-vault monster count
 E = Vault monster count
 F = Vault count percentage of total count
                 A         B        C        D         E       F
            +---------+---------+-------+---------+---------+-------
      Total |     217 |      53 |  19.6 |      73 |       9 |  11.0
            +---------+---------+-------+---------+---------+-------
        D:1 |      66 |       0 |   0.0 |      30 |       0 |   0.0
        D:2 |      87 |       3 |   3.3 |      22 |       2 |   8.3
        D:3 |      64 |      50 |  43.9 |      21 |       7 |  25.0
            +---------+---------+-------+---------+---------+-------
